 Dungeon Crawl Stone Soup version 0.32-a0-799-g95e1662365 (webtiles) character file.

Game seed: 7936937140640964235

198 adelrune the Chopper (level 5, -4/41 HPs)
             Began as a Demonspawn Gladiator on Mar 21, 2024.
             Was an Initiate of Ashenzari.
             Slain by a gnoll
             ... wielding a +0 spear
              (5 damage)
             ... on level 3 of the Dungeon.
             The game lasted 00:04:37 (2383 turns).

adelrune the Chopper (Demonspawn Gladiator)         Turns: 2383, Time: 00:04:37

Health: -4/41      AC: 10    Str: 17    XL:     5   Next: 47%
Magic:  5/5        EV: 11    Int:  8    God:    Ashenzari [......]
Gold:   111        SH:  4    Dex: 14    Spells: 4/4 levels left

rFire   . . .        a - +0 war axe
rCold   . . .        (no shield)
rNeg    . . .        b - +0 leather armour
rPois   .            (helmet restricted)
rElec   .            (no cloak)
rCorr   +            p - +0 pair of gloves of the Manifest Ether {Range, Cun} (curse)
SInv    .            (no boots)
Will    .....        (no amulet)
Stlth   +            k - ring of resist corrosion
HPRegen 0.26/turn    (no ring)
MPRegen 0.09/turn

%: no passive effects
@: sanguine armoured
A: antennae 1, sanguine armour 1, condensation shield
a: Renounce Religion, Shatter the Chains


You were on level 3 of the Dungeon.
You worshipped Ashenzari.
Ashenzari was noncommittal.
You visited 1 branch of the dungeon, and saw 3 of its levels.

You collected 111 gold pieces.

Inventory:

Hand Weapons
 a - a +0 war axe (weapon)
Missiles
 d - 3 throwing nets (quivered)
 e - a javelin
Armour
 b - a +0 leather armour (worn)
 c - a +0 helmet
 p - the cursed +0 pair of gloves of the Manifest Ether (worn) {Range, Cun}
   (You found it on level 2 of the Dungeon)

   It has a curse which improves the following skills: Ranged Combat: Ranged
   Weapons and Throwing.
   Cunning:   Dodging and Stealth.
Jewellery
 k - a ring of resist corrosion (left hand)
Scrolls
 f - 5 scrolls of teleportation {unknown}
 g - 3 scrolls of identify {unknown}
 n - a scroll of torment {unknown}
 o - a scroll of immolation {unknown}
 q - a scroll of poison {unknown}
 r - a scroll of enchant weapon {unknown}
 s - a scroll of noise {unknown}
Potions
 h - a potion of mutation {unknown}
 i - a potion of attraction
 j - 4 potions of curing
 l - a potion of berserk rage {unknown}
 m - 3 potions of degeneration {unknown}


   Skills:
 + Level 3.3 Fighting
 * Level 4.4 Axes
 - Level 1.7(2.1) Throwing
 + Level 2.1 Armour
 - Level 2.6(3.0) Dodging


You had 4 spell levels left.
You didn't know any spells.
Your spell library contained the following spells:

 Spells                   Type           Power      Damage    Failure   Level
 Ensorcelled Hibernation  Hex/Ice        0%         N/A       61%         2
 Passwall                 Erth           0%         N/A       83%         3
 Swiftness                Air            0%         N/A       83%         3
 Tukima's Dance           Hex            0%         N/A       83%         3
 Dimensional Bullseye     Hex/Tloc       0%         N/A       99%         4
 Iskenderun's Mystic Bla  Conj/Tloc      0%         2d3       99%         4


Dungeon Overview and Level Annotations

Branches:
Dungeon (3/15)

Altars:
Ashenzari

Shops:
D:3 (


Innate Abilities, Weirdness & Mutations

You have a pair of small antennae on your head.
When seriously injured, your blood forms armour. (AC +6)
A meltable shield of frost defends you. (SH +4)


Message History

The gnoll hits you from afar with a +0 spear.
The gnoll hits you but does no damage.
You hit the gnoll.
The gnoll is lightly wounded.
You block the gnoll's attack. The gnoll barely misses you.
The gnoll hits you with a +0 whip.
You are too injured to fight recklessly!
You are too injured to fight recklessly!
You slash the gnoll!
The gnoll is almost dead.
The gnoll barely misses you. The gnoll misses you.
The gnoll hits you with a +0 whip. The gnoll hits you but does no damage.
The gnoll hits you from afar with a +0 spear.
The gnoll barely misses you.
You hit the gnoll.
You kill the gnoll!
The gnoll hits you from afar with a +0 spear.
* * * LOW HITPOINT WARNING * * *
You block the gnoll's attack. You block the gnoll's attack.
The gnoll closely misses you.
You hit the gnoll but do no damage. You barely miss the gnoll.
The gnoll hits you but does no damage. You block the gnoll's attack.
You slash the gnoll!
The gnoll is almost dead.
You hit the gnoll. The gnoll closely misses you. You block the gnoll's attack.
The gnoll barely misses you. The gnoll hits you with a +0 spear.
* * * LOW HITPOINT WARNING * * *
You completely miss the gnoll.
The gnoll is almost dead.
You closely miss the gnoll. The gnoll barely misses you.
The gnoll hits you with a +0 spear.
* * * LOW HITPOINT WARNING * * *
You hit the gnoll.
You kill the gnoll!
You hit the gnoll. The gnoll hits you with a +0 spear.
* * * LOW HITPOINT WARNING * * *
You barely miss the gnoll.
The gnoll is heavily wounded.
The gnoll hits you with a +0 spear.
You die...

#####
############...##
.........##.....##
##########.......##
. #....#....# .
#...###...# ..
#...# #...# ..
#...# #)..# ..
#...# #)@.# ..
#...# #.)g# ..
#...# #...# ..
#...# #...# ..
#...# #...# ..
#...# #...# ##
#...# #...# #...#
#...# #...#


You could see a gnoll.

Vanquished Creatures
  A bombardier beetle (D:3)
  7 gnolls
  3 adders
  A dart slug (D:2)
  6 bats
  7 endoplasms
  2 giant cockroaches (D:1)
  3 hobgoblins
  7 jackals (D:2)
  6 kobolds
  A quokka (D:3)
  3 ball pythons
  3 frilled lizards
  9 goblins
  8 rats
67 creatures vanquished.

Notes
Turn   | Place    | Note
-------+----------+-------------------------------------------
     0 | D:1      | adelrune the Demonspawn Gladiator began the quest for the
                  | Orb.
     0 | D:1      | Reached XP level 1. HP: 16/16 MP: 1/1
   198 | D:1      | Reached skill level 3 in Axes
   198 | D:1      | Gained mutation: You have a pair of small antennae on your
                  | head. [demonic ancestry]
   198 | D:1      | Reached XP level 2. HP: 21/22 MP: 2/2
   996 | D:2      | Reached skill level 1 in Armour
  1055 | D:2      | Gained mutation: When seriously injured, your blood forms
                  | armour. (AC +6) [demonic ancestry]
  1055 | D:2      | Reached XP level 3. HP: 4/28 MP: 3/3
  1355 | D:2      | Found a broken altar of Ashenzari.
  1455 | D:2      | Identified the +1 sling of Death {freeze, ^Contam Str+5}
  1486 | D:2      | Became a worshipper of Ashenzari the Shackled
  1527 | D:2      | Reached XP level 4. HP: 22/34 MP: 4/4
  1539 | D:2      | HP: 1/34 [gnoll/+0 club (5)]
  1698 | D:2      | Reached skill level 4 in Axes
  1949 | D:3      | Found Veechet's Antique Weapon Boutique.
  2167 | D:3      | Gained mutation: A meltable shield of frost defends you.
                  | (SH +4) [demonic ancestry]
  2167 | D:3      | Reached XP level 5. HP: 11/41 MP: 5/5
  2382 | D:3      | HP: 1/41 [gnoll/+0 spear (3)]
  2383 | D:3      | Slain by a gnoll

Illustrated notes

Levels and vault maps discovered:
D:1:      saegor_arrival_simple_d, layout_basic
D:2:      layout_basic, basic_altar, st_stairs_10
D:3:      layout_rooms, lemuel_crystal_altar, serial_shops,
          nicolae_lakefront_shop, minmay_misc_feat_pillars, nrook_uturn,
          uniq_jessica

Skill      XL: |  1  2  3  4 |
---------------+-------------+-----
Axes           | 3 4 |  4.4
Armour         | 1 2 |  2.1
Fighting       | 3 |  3.3
Throwing       | |  1.7
Dodging        | |  2.6

Action                     |  1- 3 |  4- 6 || total
---------------------------+-------+-------++-------
  Melee: War axe           |    96 |    64 ||   160
 Invoke: Curse Item        |       |     1 ||     1
    Use: Potion            |     2 |       ||     2
   Stab: Sleeping          |     1 |       ||     1
 Armour: Leather armour    |    96 |    81 ||   177
  Dodge: Dodged            |    88 |    46 ||   134
  Block: Other             |       |     7 ||     7

Table legend: (Time is in decaauts)
 A = Elapsed time spent in this place.
 B = Non-inter-level travel time spent in this place.
 C = Inter-level travel time spent in this place.
 D = Time resting spent in this place.
 E = Time spent auto-exploring this place.
 F = Levels seen in this place.
 G = Mean time per level.
                   A        B        C        D        E       F      G
               +--------+--------+--------+--------+--------+-----+--------+
         Total |   2434 |   2365 |     69 |    337 |   1593 |   3 |  811.3 |
       Dungeon |   2434 |   2365 |     69 |    337 |   1593 |   3 |  811.3 |
               +--------+--------+--------+--------+--------+-----+--------+

Top non-repeatable levels by time:
     D:2: 1001 daAuts
     D:1: 984 daAuts
     D:3: 449 daAuts
